 Dungeon Crawl Stone Soup version 0.30-a0-347-gf58ed5266c (webtiles) character file.

Game seed: 2231567656055988436

286503 retardedninja the Slayer (level 19, -5/282 (286) HPs)
             Began as a Minotaur Fighter on Nov 4, 2022.
             Was an Initiate of Gozag.
             Slain by a quicksilver dragon (6 damage)
             ... on level 4 of the Vaults on Nov 5, 2022.
             The game lasted 01:46:49 (69890 turns).

retardedninja the Slayer (Minotaur Fighter)        Turns: 69890, Time: 01:46:50

HP:   -5/282 (286)  AC: 39    Str: 32    XL:     19   Next: 83%
MP:   0/18          EV:  9    Int:  5    God:    Gozag
Gold: 209           SH: 11    Dex: 10    Spells: 18/18 levels left

rFire   + . .      SeeInvis .    a - +7 war axe (freeze)
rCold   + + .      Faith    .    e - +2 buckler {rN+}
rNeg    + . .      Spirit   +    w - +8 plate armour
rPois   +          Reflect  .    (helmet restricted)
rElec   .          Harm     .    A - +0 cloak {rCorr}
rCorr   +          Rampage  .    c - +2 pair of gloves
Will    +....                    F - +0 pair of boots {Fly}
Stlth   ..........               K - amulet of guardian spirit
HPRegen 0.67/turn                o - ring "Zioqolos" {Contam rPois rF+ rC+}
MPRegen 0.16/turn                O - ring of Nadug {+Blink rC+ AC+4 Str+3}

@: berserking, gold aura, flying, lightly drained, very quick
A: horns 2, retaliatory headbutt, wild magic 1, MP-powered wands
}: 2/15 runes: decaying, serpentine
a: Renounce Religion, Evoke Blink, Potion Petition, Call Merchant, Bribe Branch


You were on level 4 of the Vaults.
You worshipped Gozag.
Gozag was aware of your devotion.
You visited 7 branches of the dungeon, and saw 36 of its levels.
You visited 1 bazaar.

You collected 17570 gold pieces.
You spent 5344 gold pieces at shops.
You paid 12017 gold pieces to Gozag.

Inventory:

Hand Weapons
 a - a +7 war axe of freezing (weapon)
Missiles
 z - 5 silver boomerangs
 N - 7 throwing nets
 P - 14 silver javelins
Armour
 c - a +2 pair of gloves (worn)
 e - a +2 buckler of positive energy (worn)
 w - a +8 plate armour (worn)
 A - a +0 cloak of preservation (worn)
 F - a +0 pair of boots of flying (worn)
Jewellery
 g - a +6 ring of intelligence
 h - a ring of flight
 o - the ring "Zioqolos" (left hand) {Contam rPois rF+ rC+}
   (You found it on level 5 of the Lair of Beasts)

   [ring of poison resistance]

   rF:        It protects you from fire.
   rC:        It protects you from cold.
   rPois:     It protects you from poison.
   Contam:    It causes magical contamination when unequipped.
 B - a ring of protection from cold
 K - an amulet of guardian spirit (around neck)
 M - a ring of protection from fire
 O - the ring of Nadug (right hand) {+Blink rC+ AC+4 Str+3}
   (You bought it in a shop on level 2 of the Snake Pit)

   [ring of protection]

   AC:        It affects your AC (+4).
   Str:       It affects your strength (+3).
   rC:        It protects you from cold.
   +Blink:    It lets you blink.
 S - a ring of protection from fire
 V - a ring of protection from cold
 W - a +6 ring of intelligence
 Y - a +6 ring of intelligence
Wands
 r - a wand of mindburst (11)
 u - a wand of paralysis (14)
 v - a wand of polymorph (14)
 y - a wand of acid (4)
 C - a wand of flame (46) (quivered)
 E - a wand of digging (14)
 J - a wand of roots (24)
Scrolls
 b - 6 scrolls of poison
 f - 9 scrolls of fear
 i - a scroll of enchant armour
 l - 13 scrolls of vulnerability
 m - 5 scrolls of magic mapping
 s - 3 scrolls of brand weapon
 t - 5 scrolls of immolation
 D - 2 scrolls of silence
 I - 9 scrolls of amnesia
Potions
 d - 3 potions of cancellation
 j - 3 potions of brilliance
 p - 6 potions of magic
 q - 5 potions of mutation
 H - 4 potions of attraction
 Q - a potion of curing
 R - 3 potions of resistance
Miscellaneous
 n - a phantom mirror
 x - a piece from Xom's chessboard (15/15)


   Skills:
 + Level 22.0 Fighting
 + Level 21.8 Axes
 + Level 21.9 Armour
 + Level 22.0 Shields


You had 18 spell levels left.
You didn't know any spells.
Your spell library contained the following spells:

 Spells                   Type           Power      Damage    Failure   Level
 Apportation              Tloc           0%         N/A       92%         1
 Beastly Appendage        Tmut           0%         N/A       92%         1
 Foxfire                  Conj/Fire      0%         2x1d4     92%         1
 Necrotise                Necr           0%         1d4       92%         1
 Summon Small Mammal      Summ           0%         N/A       92%         1
 Ensorcelled Hibernation  Hex/Ice        0%         N/A       98%         2
 Passwall                 Tmut/Erth      0%         N/A       98%         2
 Static Discharge         Conj/Air       0%         2-2/arc   98%         2
 Sublimation of Blood     Necr           0%         N/A       98%         2
 Wereblood                Tmut           0%         N/A       98%         2
 Spider Form              Tmut/Pois      0%         N/A       100%        3
 Stone Arrow              Conj/Erth      0%         3d7       100%        3
 Swiftness                Air            0%         N/A       100%        3
 Vhi's Electric Charge    Tloc/Air       0%         N/A       100%        3
 Animate Armour           Summ/Erth      0%         N/A       100%        4
 Passage of Golubria      Tloc           0%         N/A       100%        4
 Petrify                  Tmut/Erth      0%         N/A       100%        4
 Arcjolt                  Conj/Air       0%         1d10      100%        5
 Fireball                 Conj/Fire      0%         3d3       100%        5
 Lightning Bolt           Conj/Air       0%         1d11      100%        5
 Metabolic Englaciation   Hex/Ice        0%         N/A       100%        5
 Silence                  Hex/Air        0%         N/A       100%        5
 Starburst                Conj/Fire      0%         6d3       100%        6
 Statue Form              Tmut/Erth      0%         N/A       100%        6
 Summon Hydra             Summ           0%         N/A       100%        7
 Lehudib's Crystal Spear  Conj/Erth      0%         10d2      100%        8
 Chain Lightning          Conj/Air       0%         N/A       100%        9
 Fire Storm               Conj/Fire      0%         5d1       100%        9
 Shatter                  Erth           0%         3d5*      100%        9


Dungeon Overview and Level Annotations

Branches:
Dungeon (15/15)            Temple (1/1) D:5            Lair (5/5) D:9
  Swamp (4/4) Lair:2        Snake (4/4) Lair:3        Slime (0/5) Lair:4
    Orc (2/2) D:12            Elf (0/3) Orc:2        Vaults (5/5) D:14
  Crypt (0/3) Vaults:3     Depths (0/4) D:15

Altars:
Ashenzari
Cheibriados
Dithmenos
Elyvilon
Fedhas
Gozag
Hepliaklqana
Kikubaaqudgha
Makhleb
Nemelex Xobeh
Okawaru
Qazlal
Ru
Sif Muna
Trog
Uskayaw
Vehumet
Wu Jian
Xom
Yredelemnul
Zin
The Shining One
Jiyva

Shops:
D:4 (   D:8 *   Orc:1 (   Orc:2 [*=(   Lair:1 [   Lair:3 (*   Snake:2 =(:=

Portals:
Trove: Vaults:1 (give 6 scrolls of butterflies)


Innate Abilities, Weirdness & Mutations

You have a pair of horns on your head.
You reflexively headbutt those who attack you in melee.
Your spells are a little harder to cast, but a little more powerful.
You expend magic power (3 MP) to strengthen your wands.


Message History

You hit the titan. You freeze the titan. You block the fire giant's attack.
The ettin closely misses you.
The ettin hits you with a +0 dire flail!!!
* * * LOW HITPOINT WARNING * * *
The titan hits you but does no damage.
The quicksilver dragon breathes dispelling energy at you.
The bolt of dispelling energy hits you but does no damage.
Your magical effects are unravelling. [a] - 600 gold - lignification, might, resistance and invisibility [b] - 364 gold - heal wounds, curing and berserk rage [c] - 260 gold - heal wounds, curing and berserk rage Purchase which effect?
You no longer have enough gold to petition Gozag for potion effects.
You feel much better.
You feel better.
A red film seems to cover your vision as you go berserk!
You feel yourself moving faster!
You feel mighty!
You feel a little less mighty now.
The quicksilver dragon barely misses you.
The quicksilver dragon claws you but does no damage.
The fire giant hits you with a +0 great sword of flaming.
* * * LOW HITPOINT WARNING * * *
The fire giant burns you.
* * * LOW HITPOINT WARNING * * *
You block the titan's attack.
The ettin hits you with a +0 dire flail!!
* * * LOW HITPOINT WARNING * * *
The ettin misses you.
You slash the ettin! You freeze the ettin. You headbutt the ettin.
You kill the ettin!
You slash the quicksilver dragon! You freeze the quicksilver dragon.
You completely miss the titan. You slash the fire giant!
You freeze the fire giant.
The quicksilver dragon bites you but does no damage.
The quicksilver dragon claws you but does no damage.
Your Shields skill increases to level 22!
The fire giant closely misses you. The titan hits you!!
* * * LOW HITPOINT WARNING * * *
The quicksilver dragon bites you.
You die...
Your body crumbles into a pile of gold.

############# #######
#....[......# #......
#..#.#.#.#DC##########.#####
#..#######>@#........#.#.#..
#o.#.#.#.#.C#........#.##...
#...........[........#.#...#
#############........#.#..#.
#........#.####.
#...<....#......
#........#......
#........#.####.
#........'.#....


You could see a titan, a fire giant and a quicksilver dragon.

Vanquished Creatures
  A dread lich (Vaults:4)
  Mara (Vaults:4)
  Vashnia (Snake:2)
  A golden dragon (Vaults:4)
  3 tentacled monstrosities
  2 titans (Vaults:4)
  2 sphinxes (Vaults:4)
  A shadow dragon (Vaults:5)
  A storm dragon (Vaults:4)
  3 nagarajas
  A deep elf sorcerer (Vaults:5)
  3 vault wardens
  8 ironbound preservers
  3 orc warlords
  13 very ugly things
  A war gargoyle (Vaults:2)
  4 ironbound thunderhulks
  3 stone giants (Vaults:4)
  3 eleionomae
  3 bunyips
  14 dire elephants
  3 ettins (Vaults:4)
  A deep elf high priest (Vaults:5)
  A shambling mangrove (Swamp:4)
  4 yaktaur captains
  3 great orbs of eyes
  4 salamander tyrants
  25 vault guards
  4 ice dragons (Swamp:4)
  10 centaur warriors
  12 hydras
  An ogre mage (D:15)
  3 catoblepae
  2 ghost crabs
  5 anacondas
  11 alligators
  4 boulder beetles
  5 ironbound frosthearts
  8 two-headed ogres
  A deep troll shaman (Lair:5)
  16 naga warriors
  3 tengu warriors (D:15)
  13 death yaks
  A shock serpent (Snake:3)
  An orc high priest (Orc:2)
  20 naga sharpshooters
  A shock serpent (shapeshifter) (Vaults:1)
  A shadow wraith (Vaults:1)
  2 salamander mystics (Snake:4)
  6 naga ritualists
  8 deep trolls
  4 goliath frogs
  3 spriggan druids
  10 swamp dragons
  A swamp dragon (shapeshifter) (Vaults:4)
  A glowing orange brain (Vaults:2)
  A deep elf archer (D:13)
  A glowing orange brain (shapeshifter) (Vaults:4)
  5 bog bodies
  2 necromancers
  6 lindwurms
  12 ironbound convokers
  3 deep elf pyromancers (D:15)
  4 mana vipers
  6 orc knights
  5 phantasmal warriors
  A deep elf zephyrmancer (Vaults:4)
  A mana viper (shapeshifter) (Vaults:2)
  5 orc sorcerers
  4 oklob plants
  2 will-o-the-wisps
  22 ugly things
  8 salamanders
  8 cyclopes
  6 manticores
  41 black mambas
  A centaur zombie (D:15)
  18 elephants
  5 guardian serpents
  A torpor snail (Lair:3)
  14 cane toads
  8 vault sentinels
  19 naga magi
  2 unseen horrors
  2 centaur skeletons (D:15)
  3 gargoyles (D:12)
  A rime drake (Lair:4)
  A kobold demonologist (D:11)
  7 komodo dragons
  An efreet (D:15)
  9 yaktaurs
  4 freezing wraiths
  5 polar bears
  9 trolls
  3 meliai (Lair:4)
  A troll (shapeshifter) (D:14)
  A queen bee (Lair:4)
  7 tyrant leeches
  32 slime creatures
  8 hornets
  Prince Ribbit (D:7)
  21 blink frogs
  2 shadows
  8 spriggans
  2 wraiths
  8 wyverns
  56 yaks
  A vampire (D:11)
  5 basilisks
  Grum (D:11)
  2 steam dragons
  15 vampire mosquitoes
  A death yak simulacrum (Lair:1)
  5 swamp worm simulacra (Swamp:4)
  A redback (shapeshifter) (Vaults:4)
  16 swamp worms
  4 wargs
  49 nagas
  2 acid dragons
  16 water moccasins
  12 hydra simulacra (Swamp:4)
  5 swamp drakes
  An ice beast (D:6)
  53 orc warriors
  4 sky beasts
  4 black bears
  12 ogres
  13 wolves
  5 centaurs
  Blork the orc (Orc:2)
  3 kobold brigands (D:11)
  12 bullfrogs
  2 gnoll sergeants
  2 scorpions
  6 wights
  An elephant simulacrum (Lair:1)
  38 killer bees
  5 howler monkeys
  2 electric eels
  3 jellies
  14 orc priests
  4 hounds
  An iron imp (D:6)
  An iguana (D:4)
  24 orc wizards
  A polar bear simulacrum (Lair:1)
  A wolf simulacrum (Lair:1)
  15 gnolls
  A river rat (Lair:4)
  6 adders
  An ufetubus (D:5)
  2 swamp drake simulacra (Swamp:4)
  3 worms
  5 dart slugs
  92 orcs
  10 endoplasms
  2 giant cockroaches (D:1)
  6 goblins
  11 hobgoblins
  6 quokkas
  3 ball pythons
  4 bats
  13 frilled lizards
  11 kobolds
  2 rats (D:1)
1214 creatures vanquished.

Vanquished Creatures (collateral kills)
  An ironbound preserver (Vaults:3)
  A vault warden (Vaults:3)
  A peacekeeper (Vaults:3)
  A vault guard (Vaults:5)
  A deep troll (Vaults:3)
  An ironbound convoker (Vaults:4)
6 creatures vanquished.

Vanquished Creatures (others)
  2 vault wardens
  A frost giant (Vaults:2)
  An orc warlord (Vaults:2)
  2 ironbound thunderhulks
  2 ironbound preservers
  A shambling mangrove (Swamp:4)
  A great orb of eyes (Vaults:4)
  A yaktaur captain (Vaults:2)
  4 ironbound frosthearts
  A goliath frog (Swamp:4)
  A swamp dragon (Swamp:4)
  A glowing orange brain (Vaults:4)
  4 wizards
  9 deep trolls
  2 ironbound convokers (Vaults:3)
  6 orc knights
  5 ugly things
  3 vault sentinels (Vaults:4)
  A black mamba (Snake:4)
  5 yaktaurs (Vaults:2)
  3 bloated husks
  A tyrant leech (Swamp:4)
  2 hornets (Swamp:4)
  5 slime creatures (Vaults:4)
  A spriggan (Swamp:4)
  3 vampire mosquitoes (Swamp:4)
  A swamp worm simulacrum (Swamp:4)
  A hydra simulacrum (Swamp:4)
  2 bushes
  14 foxfires
  38 fungi
  92 plants
216 creatures vanquished.

Grand Total: 1436 creatures vanquished

Notes
Turn   | Place    | Note
-------+----------+-------------------------------------------
     0 | D:1      | retardedninja the Minotaur Fighter began the quest for the
                  | Orb.
     0 | D:1      | Reached XP level 1. HP: 19/19 MP: 0/0
   108 | D:1      | Reached XP level 2. HP: 23/27 MP: 1/1
   203 | D:1      | Found a faded altar of an unknown god.
   494 | D:1      | Reached XP level 3. HP: 33/33 MP: 2/2
   660 | D:1      | Prayed at the altar of an unknown god.
   660 | D:1      | Became a worshipper of the Shining One
   660 | D:1      | Reached * piety under the Shining One
   827 | D:2      | Reached XP level 4. HP: 40/40 MP: 3/3
  1540 | D:3      | Found a broken altar of Ashenzari.
  1599 | D:3      | Gained mutation: Your spells are a little harder to cast,
                  | but a little more powerful. [potion of mutation]
  1599 | D:3      | Gained mutation: You expend magic power (3 MP) to
                  | strengthen your wands. [potion of mutation]
  2703 | D:4      | Noticed an ogre
  2709 | D:4      | Killed an ogre
  2710 | D:4      | Reached skill level 5 in Shields
  2710 | D:4      | Reached XP level 5. HP: 39/47 MP: 4/4
  2882 | D:4      | Found Fynamiuh's Weapon Shop.
  3129 | D:4      | Reached skill level 5 in Fighting
  3129 | D:4      | Reached skill level 5 in Armour
  3154 | D:4      | Reached XP level 6. HP: 53/56 MP: 5/5
  3662 | D:5      | Entered Level 5 of the Dungeon
  4172 | D:5      | Reached ** piety under the Shining One
  4184 | D:5      | Found a basalt altar of Yredelemnul.
  4258 | D:5      | Reached skill level 5 in Axes
  4258 | D:5      | Reached XP level 7. HP: 62/62 MP: 6/6
  4260 | D:5      | Noticed a +0 dagger
  4262 | D:5      | Noticed a +0 short sword
  4335 | D:5      | Noticed a +0 spear
  4335 | D:5      | Noticed a +0 dagger
  4335 | D:5      | Noticed a +0 short sword
  4335 | D:5      | Noticed a +0 spear
  4336 | D:5      | Noticed a +0 falchion
  4342 | D:5      | Noticed a +0 falchion
  4578 | D:5      | Found a hide-covered altar of Uskayaw.
  4663 | D:5      | Found a staircase to the Ecumenical Temple.
  4718 | Temple   | Entered the Ecumenical Temple
  4798 | D:6      | Found an opulent altar of Gozag.
  4884 | D:6      | Fell from the grace of the Shining One
  4884 | D:6      | Became a worshipper of Gozag Ym Sagoz the Greedy
  5250 | D:6      | Found a snail-covered altar of Cheibriados.
  5483 | D:7      | Reached XP level 8. HP: 58/71 MP: 7/7
  6133 | D:7      | Noticed Prince Ribbit
  6147 | D:7      | Killed Prince Ribbit
  6335 | D:7      | Found a shimmering altar of Xom.
  7038 | D:7      | Reached XP level 9. HP: 58/81 MP: 8/8
  8456 | D:8      | Noticed a two-headed ogre
  8463 | D:8      | Killed a two-headed ogre
  8575 | D:8      | Found a sparkling altar of Nemelex Xobeh.
  9115 | D:8      | Found Xiuruug's General Store.
  9126 | D:8      | Bought a phantom mirror for 440 gold pieces
  9504 | D:8      | Reached XP level 10. HP: 57/91 MP: 9/9
 10496 | D:9      | Found a staircase to the Lair.
 11139 | D:10     | Entered Level 10 of the Dungeon
 11203 | D:10     | Reached skill level 10 in Shields
 11216 | D:9      | Reached skill level 10 in Fighting
 11216 | D:9      | Reached skill level 10 in Armour
 11611 | D:10     | Found an ornate altar of the Wu Jian Council.
 11612 | D:10     | Found a white marble altar of Elyvilon.
 11788 | D:10     | Found a glowing silver altar of Zin.
 11808 | D:10     | Reached skill level 10 in Axes
 12635 | Lair:1   | Entered Level 1 of the Lair of Beasts
 12639 | Lair:1   | Noticed a cane toad
 12653 | Lair:1   | Killed a cane toad
 12829 | Lair:1   | Reached XP level 11. HP: 88/101 MP: 10/10
 13209 | Lair:1   | Found a frozen archway.
 14712 | Lair:1   | Bought a glowing plate armour for 858 gold pieces
 14894 | Lair:2   | Noticed a death yak
 14895 | Lair:2   | Noticed a death yak
 14926 | Lair:3   | Killed a death yak
 14945 | Lair:3   | Reached XP level 12. HP: 96/112 MP: 11/11
 15536 | Lair:3   | Noticed a four-headed hydra
 15550 | Lair:3   | Killed a nine-headed hydra
 15720 | Lair:3   | Noticed a death yak
 15721 | Lair:3   | Noticed a death yak
 15722 | Lair:3   | Noticed a death yak
 15742 | Lair:2   | Noticed a death yak
 15742 | Lair:2   | Noticed a death yak
 16205 | Lair:2   | Killed a death yak
 16776 | Lair:2   | Found a staircase to the Swamp.
 16901 | Lair:1   | Killed a death yak
 16936 | Lair:2   | Killed a death yak
 16948 | Lair:2   | Killed a death yak
 17172 | Lair:3   | Noticed a death yak
 17180 | Lair:2   | Killed a death yak
 17188 | Lair:2   | Killed a death yak
 17398 | Lair:3   | Killed a death yak
 17399 | Lair:3   | Reached XP level 13. HP: 91/123 MP: 12/12
 17822 | Lair:3   | Found the +1 robe of Vines {NoPotionHeal Regen++++}
 18195 | Lair:3   | Found a staircase to the Snake Pit.
 19044 | Lair:4   | Found a staircase to the Slime Pits.
 19046 | Lair:4   | Found a viscous altar of Jiyva.
 19768 | Lair:4   | Identified the amulet "Johiob" {Faith Dex+3 Slay-6}
 21657 | Lair:4   | Reached skill level 15 in Shields
 21930 | Lair:5   | Entered Level 5 of the Lair of Beasts
 22083 | Lair:4   | Reached skill level 15 in Fighting
 22083 | Lair:4   | Reached skill level 15 in Armour
 22440 | Lair:5   | Reached XP level 14. HP: 74/135 MP: 6/13
 23539 | Lair:5   | Reached skill level 15 in Axes
 23702 | Lair:5   | Found a blossoming altar of Fedhas.
 24942 | Lair:5   | HP: 6/135 [catoblepas (4)]
 25582 | Lair:5   | Identified the ring "Zioqolos" {Contam rPois rF+ rC+}
 26431 | D:11     | Identified the +3 robe of Zin's Inspiration {Int+2}
 26455 | D:11     | Found a shadowy altar of Dithmenos.
 26884 | D:11     | Noticed Grum
 26897 | D:11     | Killed Grum
 27420 | D:12     | Found a staircase to the Orcish Mines.
 28116 | Orc:1    | Entered Level 1 of the Orcish Mines
 28174 | Orc:1    | Noticed an orc warlord
 28190 | Orc:1    | Killed an orc warlord
 28932 | Orc:1    | Bought a warped hand axe for 200 gold pieces
 28932 | Orc:1    | Identified the +5 hand axe "Ywair" {venom, rF- rCorr Str+8}
                  | (You bought it in a shop on level 1 of the Orcish Mines)
 28947 | Orc:2    | Entered Level 2 of the Orcish Mines
 29092 | Orc:2    | Noticed Blork the orc
 29098 | Orc:2    | Noticed an orc warlord
 29444 | Orc:1    | Killed an orc warlord
 29733 | Orc:2    | Paralysed by an orc sorcerer for 5 turns
 29741 | Orc:2    | Reached XP level 15. HP: 101/141 MP: 12/14
 29913 | Orc:2    | Found a staircase to the Elven Halls.
 29913 | Orc:2    | Paralysed by an orc sorcerer for 4 turns
 30412 | Orc:2    | Found Piciaz's Jewellery Boutique.
 30431 | Orc:2    | Killed Blork the orc
 30906 | Orc:2    | Bought the ring of Linearity {rC+ rN++ Dex+6} for 847 gold
                  | pieces
 31792 | Orc:2    | Found Nucoucu's General Store.
 31816 | Orc:2    | Found Rostrauck's Antique Weapon Boutique.
 31830 | Orc:2    | Found Are Vytoo's Antique Armour Boutique.
 31838 | Orc:2    | Bought a pair of glowing boots for 187 gold pieces
 32179 | Lair:1   | Bought a glowing buckler for 247 gold pieces
 32396 | Orc:2    | Bought a +2 pair of gloves for 247 gold pieces
 32650 | Swamp:1  | Entered Level 1 of the Swamp
 37195 | Swamp:4  | Entered Level 4 of the Swamp
 38191 | Swamp:3  | Reached XP level 16. HP: 124/157 MP: 13/15
 40257 | Swamp:4  | Got a decaying rune of Zot
 40303 | Swamp:4  | Upgraded the game from 0.30-a0-341-g682706514a to
                  | 0.30-a0-347-gf58ed5266c
 40617 | D:13     | You are sucked into a shaft and drop 2 floors!
 40617 | D:15     | Entered Level 15 of the Dungeon
 41342 | D:13     | Found an iron altar of Okawaru.
 42029 | D:13     | Identified the +6 fire dragon scales of the Turtledove
                  | {rF++ rC- Int+3 Slay+3}
 42150 | D:13     | Identified the +0 helmet of Kimaick {rN++}
 42836 | D:14     | Identified the +3 hand axe of Superiority {protect, *Rage
                  | rElec rPois}
 43362 | D:14     | Found a gate to the Vaults.
 44109 | D:15     | Found a staircase to the Depths.
 45748 | Snake:1  | Entered Level 1 of the Snake Pit
 45779 | Snake:1  | Identified the +1 falchion of Nayw {vorpal, Str+2 Stlth+}
 46273 | Snake:1  | Reached XP level 17. HP: 165/166 MP: 16/16
 47510 | Snake:2  | Found Quff's Weapon Shop.
 49642 | Snake:2  | Noticed Vashnia
 49984 | Snake:2  | Killed Vashnia
 50906 | Snake:2  | Found Ecopp's Jewellery Emporium.
 50906 | Snake:2  | Found Qud Qidi's Book Boutique.
 50907 | Snake:2  | Found Koeppeol's Jewellery Emporium.
 50913 | Snake:2  | Bought the ring of Nadug {+Blink rC+ AC+4 Str+3} for 949
                  | gold pieces
 51082 | Snake:3  | Found a flickering gateway to a bazaar.
 51086 | Bazaar   | Entered a bazaar
 51087 | Bazaar   | Found Ebetoak's Distillery.
 51087 | Bazaar   | Found Vaol's Magic Scroll Shop.
 51088 | Bazaar   | Found Bacs's General Store.
 51094 | Bazaar   | Bought a potion of berserk rage for 70 gold pieces
 51119 | Bazaar   | Found Lecifuyph's Jewellery Emporium.
 51138 | Bazaar   | Bought a potion of haste for 140 gold pieces
 51138 | Bazaar   | Bought a potion of resistance for 140 gold pieces
 51138 | Bazaar   | Bought a potion of heal wounds for 70 gold pieces
 51138 | Bazaar   | Bought a potion of invisibility for 112 gold pieces
 51153 | Bazaar   | Bought a potion of might for 48 gold pieces
 51168 | Bazaar   | Bought a scroll of fear for 64 gold pieces
 51168 | Bazaar   | Bought a scroll of blinking for 120 gold pieces
 51168 | Bazaar   | Bought a scroll of butterflies for 64 gold pieces
 51168 | Bazaar   | Bought a scroll of blinking for 120 gold pieces
 51168 | Bazaar   | Bought a scroll of blinking for 120 gold pieces
 51168 | Bazaar   | Bought a scroll of teleportation for 48 gold pieces
 51914 | Snake:4  | Entered Level 4 of the Snake Pit
 55818 | Snake:4  | Reached XP level 18. HP: 163/178 MP: 15/17
 57019 | Snake:4  | Got a serpentine rune of Zot
 57224 | Lair:3   | Bought a scroll of magic mapping for 97 gold pieces
 57224 | Lair:3   | Bought 3 scrolls of fear for 156 gold pieces
 57411 | Vaults:1 | Entered Level 1 of the Vaults
 57999 | Vaults:1 | Found a portal to a secret trove of treasure.
 60155 | Vaults:1 | Identified a scroll of acquirement
 60164 | Vaults:1 | Acquired 686 gold pieces
 61661 | Vaults:2 | Paralysed by a great orb of eyes for 3 turns
 63567 | Vaults:3 | Found a staircase to the Crypt.
 63567 | Vaults:3 | Found an ancient bone altar of Kikubaaqudgha.
 63568 | Vaults:3 | Found a basalt altar of Yredelemnul.
 63837 | Vaults:4 | Acquired 1026 gold pieces
 63916 | Vaults:4 | Noticed Mara
 63937 | Vaults:4 | Reached XP level 19. HP: 189/189 MP: 15/18
 63937 | Vaults:4 | Noticed retardedninja's illusion
 63939 | Vaults:4 | Killed Mara
 65379 | Vaults:5 | Entered Level 5 of the Vaults
 66960 | Vaults:5 | Noticed a golden dragon
 67234 | Vaults:4 | Killed a golden dragon
 67812 | Vaults:5 | Noticed a dread lich
 67839 | Vaults:4 | Paralysed by a floating eye for 4 turns
 68414 | Vaults:5 | HP: 6/181 [vault guard/+0 halberd (18)]
 68427 | Vaults:5 | Noticed an ancient lich
 68835 | Vaults:4 | Paralysed by a dread lich for 3 turns
 68842 | Vaults:4 | Paralysed by something for 3 turns
 68850 | Vaults:4 | HP: 3/184 [Hell Sentinel[a dread lich] (22)]
 68857 | Vaults:4 | HP: 12/274 [Executioner[a dread lich] (4)]
 68858 | Vaults:4 | Killed a dread lich
 69887 | Vaults:4 | HP: 2/187 [ettin/+0 dire flail (52)]
 69890 | Vaults:4 | Slain by a quicksilver dragon

Illustrated notes

Levels and vault maps discovered:
D:1:      amcnicky_arrival_choice, layout_basic,
          shapermc_ecumenical_altar_ellora, minmay_misc_feat_ornament
D:2:      layout_basic, minmay_lizard_king
D:3:      layout_loops_ring, mainiacjoe_overflow_cross_hatched
D:4:      layout_basic, serial_shops, nicolae_shop_trees, serial_bayou_pond_a
D:5:      layout_loops_ring, nicolae_uskayaw_en_pointe,
          yredelemnul_altar_generic, minmay_temple_entry_fiery
D:6:      layout_rooms, chei_slow_surprise,
          nicolae_gozag_cash_rules_everything_around_me
D:7:      layout_loops_ring, tgw_xom, kennysheep_generic_room_10,
          uniq_prince_ribbit1
D:8:      layout_loops_ring, mainiacjoe_overflow_24_doors, serial_shops,
          nicolae_shop_window_shopping, chequers_serial_rivers_micro_c
D:9:      layout_cave_pools, lair_entry_dummy, special_room [special_room_orc],
          minivault_22
D:10:     layout_stronghold, general_overflow_altar, nicolae_overflow_squiral,
          enter_bailey_2, grunt_decor_arrowhead
D:11:     layout_roguey, nicolae_dithmenos_shadow_blocks, uniq_grum
D:12:     layout_loops_ring, david_orc_1_choice, abandoned_shop
D:13:     evilmike_iron_armoury, layout_stronghold, minmay_misc_feat_plants
D:14:     layout_grid_maze, david_vaults_1
D:15:     grunt_enter_depths_magical_seal, layout_cave_pods, kennysheep_doodads
Temple:   nicolae_temple_no_exploring_needed
Lair:1:   layout_cellular_growth, portal_ice_cave_entry_ice_simulacra,
          lemuel_fruit_tree, serial_bayou_shore_a, lemuel_fruit_fields
Lair:2:   layout_cave_shapes, minmay_swamp_entry_worms, minivault_23
Lair:3:   layout_chaotic_city, minmay_snake_entry_guardpost_medium,
          minmay_hedge_maze, fungi_pond_lemuel, hellmonk_guarded_unrand_vines
Lair:4:   regret_index_harrowing_hell_hive, layout_long_grid, slime_entry_1,
          minivault_24, worms_lemuel, serial_bayou_shore_b
Lair:5:   grunt_lair_end_beastmaster, layout_gridlike, st_stairs_5, tgw_fedhas
Swamp:1:  layout_basic_swamp, hangedman_swamp_ruin_wall
Swamp:2:  layout_falls_marsh, evilmike_swamp_ruin_rubble_2, swamp_pool5,
          nicolae_swamp_well_well_well
Swamp:3:  layout_falls_marsh, nicolae_swamp_round_clearing, swamp_pool1,
          hangedman_swamp_pad, infiniplex_staircase_pool
Swamp:4:  swamp_icy, layout_basic_swamp, swamp_pool1
Snake:1:  layout_chambers, grunt_megastairs_1
Snake:2:  layout_layer_cave, serial_shops, shop, minmay_shop_grove, uniq_vashnia
Snake:3:  layout_misc_corridors, serial_shops, bzr_entry_dummy
Snake:4:  snake_pit, layout_onion_interference, drop_trap
Orc:1:    layout_diamond_mine
Orc:2:    grunt_orc_cross, layout_caves, basic_altar
Vaults:1: nicolae_vaults_theta, grunt_vaults_bifocal, vaults_room_glass_cross,
          hangedman_vaults_stitches, nicolae_vaults_theta,
          ontoclasm_vaults_pinch, hangedman_vaults_corner, grunt_vaults_swirl,
          v_alt_pattern_3, nicolae_vaults_little_squares_6, vaults_dpeg_cross,
          nicolae_vaults_ninety_degrees, v_misc_3, layout_vaults_omnibox,
          enter_trove_2
Vaults:2: st_more_cells, v_pattern_1, ontoclasm_vaults_loading_screen, v_misc_4,
          nicolae_vaults_mini_display_case, layout_vaults_omnigrid
Vaults:3: nicolae_vaults_what_the_h, v_misc_33, ontoclasm_vaults_misaligned,
          nicolae_vaults_network_star, vaults_room_stairs_pillars,
          minmay_crypt_entry_necro_gods, v_misc_13, ontoclasm_vaults_fault,
          vaults_dpeg_hooks, layout_vaults_omnicross
Vaults:4: vaults_dpeg_spiral, nicolae_vaults_minivaults, vaults_dpeg_diagonal,
          v_misc_17, nicolae_vaults_little_ls, v_misc_19,
          hangedman_vaults_restitches, nicolae_vaults_shelves_hall,
          nicolae_vaults_little_squares_6, layout_vaults_ring, uniq_mara
Vaults:5

Skill      XL: |  1  2  3  4  5  6  7  8  9 10 11 12 13 14 15 16 17 18 19 |
---------------+----------------------------------------------------------+-----
Armour         | 4 5 6 7 9 10 12 13 15 16 17 18 19 21 | 21.9
Fighting       | 4 5 6 7 9 10 12 13 15 16 17 18 20 21 22 | 22.0
Shields        | 4 5 6 8 9 10 12 13 15 16 17 18 20 21 22 | 22.0
Axes           | 3 4 5 6 7 9 10 12 13 14 16 17 18 19 20 21 | 21.8

Action                   |  1- 3 |  4- 6 |  7- 9 | 10-12 | 13-15 | 16-18 | 19-21 || total
-------------------------+-------+-------+-------+-------+-------+-------+-------++-------
Melee: War axe           |    67 |    86 |   261 |   458 |  1371 |  1455 |   299 ||  3997
       Headbutt          |    10 |    11 |    39 |   113 |   356 |   401 |    87 ||  1017
Throw: Dart              |       |    40 |     3 |       |       |       |       ||    43
Invok: Call Merchant     |       |       |       |     1 |     1 |     2 |       ||     4
       Potion Petition   |       |       |       |       |     5 |     3 |    10 ||    18
       Bribe Branch      |       |       |       |       |       |     1 |       ||     1
Evoke: Wand              |       |       |     2 |       |    15 |    12 |     1 ||    30
       Phantom mirror    |       |       |       |       |     1 |       |       ||     1
  Use: Potion            |       |     2 |     4 |     5 |    11 |    23 |     7 ||    52
       Scroll            |       |       |    25 |     7 |    18 |    21 |     4 ||    75
 Stab: Distracted        |       |       |       |     5 |    13 |    14 |     7 ||    39
       Petrified         |       |       |       |       |    11 |       |       ||    11
       Petrifying        |       |       |       |       |     2 |       |       ||     2
       Fleeing           |       |       |       |       |     1 |       |       ||     1
       Invisible         |       |       |       |       |       |     1 |       ||     1
       Confused          |       |       |       |       |       |       |     1 ||     1
Armor: Scale mail        |    33 |    23 |       |       |       |       |       ||    56
       Plate armour      |       |    28 |   137 |   244 |   844 |   854 |   274 ||  2381
       Skin              |       |       |    27 |       |     1 |       |     7 ||    35
Dodge: Dodged            |    36 |    37 |    65 |   168 |   432 |   352 |    81 ||  1171
Block: Buckler           |    17 |    13 |    71 |   157 |   574 |   653 |   165 ||  1650

Table legend: (Time is in decaauts)
 A = Elapsed time spent in this place.
 B = Non-inter-level travel time spent in this place.
 C = Inter-level travel time spent in this place.
 D = Time resting spent in this place.
 E = Time spent auto-exploring this place.
 F = Levels seen in this place.
 G = Mean time per level.
                   A        B        C        D        E       F      G
               +--------+--------+--------+--------+--------+-----+--------+
         Total |  69254 |  66455 |   2799 |  29035 |  28799 |  37 | 1871.7 |
       Dungeon |  20700 |  19480 |   1220 |   5646 |  11331 |  15 | 1380.0 |
        Temple |      1 |      1 |      0 |      0 |      0 |   1 |    1.0 |
          Lair |  13905 |  13155 |    750 |   5529 |   5772 |   5 | 2781.0 |
         Swamp |   7657 |   7504 |    153 |   4305 |   2260 |   4 | 1914.2 |
     Snake Pit |  11218 |  11031 |    187 |   6137 |   3700 |   4 | 2804.5 |
  Orcish Mines |   4020 |   3759 |    261 |   1612 |   1551 |   2 | 2010.0 |
        Vaults |  11659 |  11434 |    225 |   5804 |   4147 |   5 | 2331.8 |
        Bazaar |     91 |     91 |      0 |      0 |     37 |   1 |   91.0 |
               +--------+--------+--------+--------+--------+-----+--------+

Top non-repeatable levels by time:
Vaults:4: 5868 daAuts
  Lair:4: 3955 daAuts
 Snake:3: 3713 daAuts
  Lair:5: 3378 daAuts
     D:7: 3007 daAuts
 Snake:2: 2885 daAuts
  Lair:1: 2660 daAuts
 Snake:1: 2471 daAuts
 Swamp:3: 2446 daAuts
  Lair:3: 2344 daAuts
    D:14: 2243 daAuts
   Orc:2: 2229 daAuts
Vaults:1: 2155 daAuts
 Snake:4: 2147 daAuts
Vaults:2: 2081 daAuts
